 Dungeon Crawl Stone Soup version 0.28-a0-1167-g616b1c6417 (webtiles) character file.

Game seed: 10897593796208075127

49 Ma1vorus the Chopper (level 3, -3/51 HPs)
             Began as a Hill Orc Berserker on Dec 16, 2021.
             Was a Believer of Trog.
             Slain by a gnoll (7 damage)
             ... on level 2 of the Dungeon.
             The game lasted 00:03:05 (1499 turns).

Ma1vorus the Chopper (Hill Orc Berserker)           Turns: 1499, Time: 00:03:07

Health: -3/51      AC:  8    Str: 21    XL:     3   Next: 75%
Magic:  3/3        EV: 11    Int:  7    God:    Trog [**....]
Gold:   55         SH:  0    Dex: 10    Spells: 2/2 levels left

rFire   . . .      SeeInvis .   i - +1 hand axe (venom)
rCold   . . .      Faith    .   (no shield)
rNeg    . . .      Spirit   .   d - +0 ring mail
rPois   .          Reflect  .   h - +2 helmet
rElec   .          Harm     .   (no cloak)
rCorr   .          Rampage  .   (no gloves)
Will    .....                   (no boots)
Stlth   ..........              (no amulet)
HPRegen 0.17/turn               (no ring)
MPRegen 0.08/turn               (no ring)

@: berserking, lethally poisoned (-3 -> -36), very quick
A: no striking features
a: Renounce Religion, Berserk, Trog's Hand


You were on level 2 of the Dungeon.
You worshipped Trog.
Trog was pleased with you.
You visited 1 branch of the dungeon, and saw 2 of its levels.

You collected 55 gold pieces.

Inventory:

Hand Weapons
 i - a +1 hand axe of venom (weapon)
Armour
 d - a +0 ring mail (worn)
 h - a +2 helmet (worn)
Jewellery
 j - an amulet of magic regeneration
Scrolls
 a - a scroll of identify {unknown}
 c - 3 scrolls of immolation {unknown}
 g - 4 scrolls of fear {unknown}
Potions
 b - 2 potions of might {unknown}
 e - a potion of haste {unknown}
 f - a potion of invisibility {unknown}


   Skills:
 + Level 4.3 Fighting
 + Level 4.8 Axes
 + Level 3.0 Armour
 - Level 1.5 Dodging


You had 2 spell levels left.
You didn't know any spells.
Your spell library contained the following spells:

 Spells                   Type           Power      Damage    Failure   Level
 Blink                    Tloc           0%         N/A       75%         2
 Lesser Beckoning         Tloc           0%         N/A       92%         3
 Manifold Assault         Tloc           0%         N/A       100%        5


Dungeon Overview and Level Annotations

Branches:
Dungeon (2/15)

Altars:

Shops:
D:2 :


Message History

You barely miss the giant cockroach.
The giant cockroach is moderately wounded.
The giant cockroach barely misses you.
You hit the giant cockroach.
The giant cockroach looks even sicker.
The giant cockroach is almost dead.
You kill the giant cockroach!
Trog accepts your kill.
No target in view!
You see here a giant cockroach corpse.
A gnoll and a kobold come into view.
The gnoll is wielding a +2 spear of venom.
Found a stone staircase leading down.
The gnoll shouts!
The kobold shouts!
You hear a shout!
The kobold throws a stone.
The stone barely misses you. The kobold hits you but does no damage.
You hit the kobold.
The kobold is poisoned.
The kobold is moderately wounded.
A gnoll comes into view. It is wielding a +0 spear.
The kobold hits you with a +0 club.
You hit the kobold.
You kill the kobold!
Trog accepts your kill.
The gnoll hits you with a +2 spear of venom!
You are poisoned.
You hit the gnoll but do no damage.
You feel very sick.
The gnoll hits you with a +2 spear of venom.
You are lethally poisoned!
The gnoll misses you.
The gnoll hits you with a +2 spear of venom!
* * * LOW HITPOINT WARNING * * *
You are more poisoned.
A red film seems to cover your vision as you go berserk!
You feel yourself moving faster!
You feel mighty!
* * * LOW HITPOINT WARNING * * *
You feel extremely sick.
The gnoll hits you from afar with a +0 spear.
* * * LOW HITPOINT WARNING * * *
The gnoll hits you with a +2 spear of venom!
You die...

. ######.....#
.. #...#.# ..
#######.# ..
#.......#######
..
#.#####.......#
.. #.#####.# ##
# #.# .#.#
#######
....####.##....#
......+
.....gg@..)>.#
######
....##.#####.# #
# #? # #######
#. # #........
.. #
#..........# #
#.......... #
#..........# #
#..........#


You could see 2 gnolls.

Vanquished Creatures
  An adder (D:2)
  3 endoplasms
  3 giant cockroaches
  3 goblins
  5 hobgoblins (D:1)
  2 kobolds (D:2)
  2 quokkas (D:1)
  4 ball pythons
  6 bats
  3 frilled lizards
  3 rats
35 creatures vanquished.

Notes
Turn   | Place    | Note
-------+----------+-------------------------------------------
     0 | D:1      | Ma1vorus the Hill Orc Berserker began the quest for the
                  | Orb.
     0 | D:1      | Reached XP level 1. HP: 19/19 MP: 1/1
   274 | D:1      | Reached XP level 2. HP: 12/27 MP: 2/2
  1015 | D:1      | Reached XP level 3. HP: 29/33 MP: 3/3
  1201 | D:2      | Found a faded altar of an unknown god.
  1267 | D:2      | Found Haehued's Book Shop.
  1272 | D:2      | Reached ** piety under Trog
  1499 | D:2      | Slain by a gnoll

Illustrated notes

Levels and vault maps discovered:
D:1:      beargit_arrival_diablo_church, layout_basic, minmay_circled_x
D:2:      layout_basic, serial_shops, shop,
          hellmonk_ecumenical_altar_heavens_door

Skill      XL: |  1  2  3 |
---------------+----------+-----
Fighting       | 4 |  4.3
Armour         | 3 |  3.0
Axes           | |  4.8
Dodging        | |  1.5

Action                   || total
-------------------------++-------
Melee: Hand axe          ||    88
Invok: Berserk           ||     2
 Stab: Sleeping          ||     1
Armor: Animal skin       ||    14
       Ring mail         ||    16
Dodge: Dodged            ||    67

Table legend: (Time is in decaauts)
 A = Elapsed time spent in this place.
 B = Non-inter-level travel time spent in this place.
 C = Inter-level travel time spent in this place.
 D = Time resting spent in this place.
 E = Time spent auto-exploring this place.
 F = Levels seen in this place.
 G = Mean time per level.
                   A        B        C        D        E       F      G
               +--------+--------+--------+--------+--------+-----+--------+
         Total |   1517 |   1492 |     25 |    231 |   1025 |   2 |  758.5 |
       Dungeon |   1517 |   1492 |     25 |    231 |   1025 |   2 |  758.5 |
               +--------+--------+--------+--------+--------+-----+--------+

Top non-repeatable levels by time:
     D:1: 1134 daAuts
     D:2: 382 daAuts
